[ AOE2 MATCH · #505563135 ]
UnrankedByzantines vs Burmese
Player's team · LOSS
Rival team · WIN
[ REPLAY ANALYSIS · EXTRACTED FROM THE RECORDED GAME ]
Feudal
8:26
Castle
20:25
Imperial
33:22
| APM avg | 76.9 |
| APM peak | 116 |
| eAPM avg | 41.4 |
| Villagers / military | 193 / 205 |
Focus
⚔️ 48.1% · 🌾 51.9%
Spearman ×101 · Archer ×66 · Bombard Cannon ×12 · Scout Cavalry ×10 · Mangonel ×4 · Skirmisher ×4
Feudal
11:10
Castle
20:31
Imperial
33:26
| APM avg | 77.7 |
| APM peak | 129 |
| eAPM avg | 33.4 |
| Villagers / military | 170 / 183 |
Focus
⚔️ 59.5% · 🌾 40.5%
Scout Cavalry ×52 · Cavalry Archer ×41 · Battle Elephant ×28 · Skirmisher ×20 · Archer ×11 · Arambai ×10
Match map
Initial resources + every placement click. Lines = walls · curves = elevation contours. ◆ gold · ⬟ stone · ● berries · ✦ relic · ◌ wall gap
Your base· Open — unwalled flank
JOHA's base· ✓ Closed at 20:31 · 66t walls · 1 gate(s)
Smoothed initial terrain · ◌ = detected wall gap · hover for details
Inputs per minute
— RD | Kiko - - JOHA
Build order — RD | Kiko
First 150 of 677 actions detected
| 0:00 | Create | Villager (Male) |
| 0:01 | Create | Villager (Male) |
| 0:02 | Build | House |
| 0:03 | Build | House |
| 0:08 | Create | Villager (Male) |
| 0:09 | Create | Villager (Male) |
| 1:27 | Create | Villager (Male) |
| 1:58 | Create | Villager (Male) |
| 1:58 | Create | Villager (Male) |
| 2:19 | Create | Villager (Male) |
| 2:22 | Build | Lumber Camp |
| 2:41 | Create | Villager (Male) |
| 3:04 | Create | Villager (Male) |
| 3:18 | Create | Villager (Male) |
| 3:29 | Build | House |
| 3:34 | Create | Villager (Male) |
| 4:26 | Create | Villager (Male) |
| 4:27 | Create | Villager (Male) |
| 4:31 | Create | Villager (Male) |
| 4:31 | Create | Villager (Male) |
| 4:36 | Build | Mill |
| 5:34 | Research | Loom |
| 6:11 | Research | Feudal Age |
| 6:11 | Research | Feudal Age |
| 6:32 | Build | Lumber Camp |
| 6:57 | Create | Villager (Male) |
| 7:29 | Create | Villager (Male) |
| 7:35 | Build | Barracks |
| 7:37 | Build | Palisade Wall |
| 7:47 | Create | Villager (Male) |
| 8:01 | Build | House |
| 8:26 | Age | Feudal Age |
| 8:37 | Create | Spearman |
| 8:38 | Create | Spearman |
| 8:41 | Create | Villager (Male) |
| 8:52 | Create | Villager (Male) |
| 9:00 | Build | House |
| 9:03 | Create | Villager (Male) |
| 9:05 | Create | Spearman |
| 9:16 | Build | House |
| 9:40 | Create | Villager (Male) |
| 9:49 | Research | Double-Bit Axe |
| 9:49 | Research | Double-Bit Axe |
| 9:50 | Create | Villager (Male) |
| 10:15 | Create | Spearman |
| 10:15 | Create | Spearman |
| 10:19 | Build | Farm |
| 10:19 | Build | Farm |
| 10:20 | Build | Farm |
| 10:21 | Build | Farm |
| 10:23 | Build | Farm |
| 10:24 | Build | Farm |
| 10:32 | Create | Villager (Male) |
| 10:32 | Create | Villager (Male) |
| 10:33 | Build | Farm |
| 10:41 | Build | House |
| 10:42 | Build | Palisade Wall |
| 10:48 | Build | Farm |
| 11:04 | Create | Villager (Male) |
| 11:04 | Create | Villager (Male) |
| 11:09 | Build | House |
| 11:11 | Build | Palisade Wall |
| 11:20 | Create | Spearman |
| 11:20 | Create | Spearman |
| 11:28 | Build | Farm |
| 11:32 | Create | Villager (Male) |
| 11:32 | Create | Villager (Male) |
| 11:38 | Create | Spearman |
| 11:50 | Create | Villager (Male) |
| 11:51 | Create | Villager (Male) |
| 11:54 | Build | Farm |
| 12:08 | Create | Villager (Male) |
| 12:22 | Create | Villager (Male) |
| 12:24 | Create | Spearman |
| 12:25 | Create | Spearman |
| 12:34 | Build | Farm |
| 12:38 | Build | Farm |
| 12:51 | Create | Villager (Male) |
| 12:53 | Build | Palisade Wall |
| 13:01 | Build | Palisade Wall |
| 13:07 | Build | Farm |
| 13:07 | Create | Villager (Male) |
| 13:14 | Create | Spearman |
| 13:18 | Create | Villager (Male) |
| 13:18 | Create | Villager (Male) |
| 13:23 | Build | Farm |
| 13:56 | Build | Palisade Wall |
| 14:06 | Create | Villager (Male) |
| 14:09 | Build | Farm |
| 14:12 | Create | Villager (Male) |
| 14:14 | Research | Horse Collar |
| 14:14 | Research | Horse Collar |
| 14:17 | Create | Villager (Male) |
| 14:32 | Build | Mining Camp |
| 14:33 | Create | Villager (Male) |
| 14:43 | Build | Farm |
| 14:43 | Create | Villager (Male) |
| 14:47 | Build | Farm |
| 14:58 | Create | Villager (Male) |
| 15:11 | Build | House |
| 15:14 | Create | Villager (Male) |
| 15:17 | Build | Blacksmith |
| 15:42 | Build | House |
| 16:21 | Build | House |
| 16:23 | Create | Villager (Male) |
| 16:37 | Build | Market |
| 16:43 | Build | House |
| 16:53 | Create | Villager (Male) |
| 17:03 | Build | Mining Camp |
| 17:45 | Research | Castle Age |
| 17:49 | Research | Gold Mining |
| 17:49 | Research | Gold Mining |
| 17:54 | Build | House |
| 18:42 | Build | Watch Tower |
| 18:58 | Research | Stone Mining |
| 18:58 | Research | Stone Mining |
| 19:02 | Research | Fletching |
| 19:03 | Research | Fletching |
| 19:05 | Create | Villager (Male) |
| 19:32 | Create | Villager (Male) |
| 19:42 | Create | Villager (Male) |
| 19:49 | Build | Stone Wall |
| 19:58 | Create | Villager (Male) |
| 20:08 | Build | Gate |
| 20:23 | Create | Villager (Male) |
| 20:25 | Age | Castle Age |
| 20:28 | Build | Market |
| 20:33 | Create | Villager (Male) |
| 20:35 | Build | Siege Workshop |
| 20:39 | Create | Villager (Male) |
| 20:42 | Build | Stone Wall |
| 20:43 | Build | Stone Wall |
| 20:47 | Build | Stone Wall |
| 20:50 | Build | Stone Wall |
| 20:51 | Create | Villager (Male) |
| 20:51 | Create | Villager (Male) |
| 21:15 | Create | Mangonel |
| 21:16 | Create | Mangonel |
| 21:21 | Create | Villager (Male) |
| 21:22 | Create | Villager (Male) |
| 21:25 | Build | Castle |
| 21:28 | Create | Villager (Male) |
| 21:28 | Create | Villager (Male) |
| 21:39 | Create | Villager (Male) |
| 21:52 | Create | Villager (Male) |
| 21:52 | Create | Villager (Male) |
| 22:05 | Build | Mining Camp |
| 22:07 | Build | Lumber Camp |
| 22:08 | Create | Villager (Male) |
| 22:09 | Create | Villager (Male) |
Build order — JOHA
First 150 of 534 actions detected
| 0:01 | Create | Villager (Male) |
| 0:01 | Build | House |
| 0:03 | Build | House |
| 0:06 | Create | Villager (Male) |
| 0:07 | Create | Villager (Male) |
| 0:12 | Create | Villager (Male) |
| 1:27 | Create | Villager (Male) |
| 1:59 | Build | Lumber Camp |
| 2:05 | Create | Villager (Male) |
| 2:19 | Create | Villager (Male) |
| 2:39 | Create | Villager (Male) |
| 3:18 | Create | Villager (Male) |
| 3:40 | Create | Villager (Male) |
| 3:41 | Create | Villager (Male) |
| 3:52 | Build | House |
| 4:04 | Create | Villager (Male) |
| 4:43 | Build | Barracks |
| 4:45 | Create | Villager (Male) |
| 5:09 | Build | House |
| 5:12 | Create | Villager (Male) |
| 5:35 | Create | Militia |
| 5:37 | Create | Militia |
| 5:39 | Create | Villager (Male) |
| 6:06 | Create | Villager (Male) |
| 6:09 | Build | Mill |
| 6:26 | Create | Militia |
| 6:31 | Create | Villager (Male) |
| 6:37 | Create | Villager (Male) |
| 6:41 | Build | House |
| 6:50 | Create | Villager (Male) |
| 6:55 | Build | Palisade Wall |
| 6:55 | Research | Loom |
| 7:08 | Create | Villager (Male) |
| 7:10 | Build | Palisade Wall |
| 7:16 | Build | Palisade Wall |
| 7:17 | Build | Palisade Wall |
| 7:17 | Build | Palisade Wall |
| 7:18 | Build | Palisade Wall |
| 7:19 | Build | Palisade Wall |
| 7:19 | Build | Palisade Wall |
| 7:20 | Build | Palisade Wall |
| 7:39 | Build | Palisade Wall |
| 7:43 | Create | Villager (Male) |
| 8:24 | Create | Villager (Male) |
| 8:56 | Build | Mining Camp |
| 9:00 | Research | Feudal Age |
| 9:23 | Create | Villager (Male) |
| 9:44 | Build | Lumber Camp |
| 9:56 | Create | Villager (Male) |
| 10:03 | Build | House |
| 10:39 | Build | Palisade Wall |
| 10:44 | Build | Palisade Wall |
| 10:52 | Create | Villager (Male) |
| 11:10 | Age | Feudal Age |
| 11:14 | Build | Archery Range |
| 11:16 | Research | Horse Collar |
| 11:16 | Create | Villager (Male) |
| 11:19 | Build | Farm |
| 11:30 | Research | Man-at-Arms (upgrade) |
| 11:31 | Create | Villager (Male) |
| 11:33 | Build | Farm |
| 11:39 | Create | Villager (Male) |
| 11:45 | Build | Farm |
| 11:51 | Create | Militia |
| 12:06 | Create | Archer |
| 12:19 | Create | Villager (Male) |
| 12:28 | Build | House |
| 12:29 | Build | Farm |
| 12:30 | Build | Farm |
| 12:31 | Build | Farm |
| 12:33 | Build | Farm |
| 12:38 | Create | Archer |
| 12:38 | Create | Villager (Male) |
| 12:53 | Create | Villager (Male) |
| 12:54 | Build | Farm |
| 13:08 | Build | Farm |
| 13:16 | Build | Palisade Wall |
| 13:28 | Create | Archer |
| 13:29 | Create | Villager (Male) |
| 14:00 | Create | Villager (Male) |
| 14:01 | Build | Farm |
| 14:05 | Create | Archer |
| 14:09 | Build | House |
| 14:09 | Build | Palisade Wall |
| 14:12 | Create | Villager (Male) |
| 14:13 | Build | Farm |
| 14:25 | Research | Arson |
| 14:35 | Create | Villager (Male) |
| 14:48 | Create | Militia |
| 14:49 | Create | Villager (Male) |
| 14:55 | Build | Market |
| 14:57 | Create | Villager (Male) |
| 15:00 | Build | Farm |
| 15:03 | Create | Archer |
| 15:19 | Create | Villager (Male) |
| 15:23 | Build | Blacksmith |
| 15:27 | Build | House |
| 15:32 | Create | Villager (Male) |
| 15:55 | Create | Archer |
| 16:07 | Create | Villager (Male) |
| 16:12 | Research | Fletching |
| 16:17 | Create | Villager (Male) |
| 16:26 | Create | Villager (Male) |
| 16:42 | Create | Villager (Male) |
| 16:45 | Build | House |
| 16:47 | Build | Farm |
| 16:56 | Create | Archer |
| 16:59 | Create | Villager (Male) |
| 17:00 | Build | Farm |
| 17:27 | Build | Farm |
| 17:28 | Build | Farm |
| 17:33 | Create | Archer |
| 17:51 | Research | Castle Age |
| 18:11 | Create | Archer |
| 18:26 | Build | House |
| 18:31 | Research | Gold Mining |
| 18:37 | Build | Palisade Gate |
| 18:44 | Create | Villager (Male) |
| 19:00 | Research | Forging |
| 19:05 | Create | Archer |
| 19:18 | Create | Villager (Male) |
| 19:41 | Create | Archer |
| 20:11 | Build | House |
| 20:13 | Build | Mining Camp |
| 20:31 | Age | Castle Age |
| 20:31 | Research | Bodkin Arrow |
| 20:34 | Research | Crossbowman (upgrade) |
| 20:46 | Create | Villager (Male) |
| 21:21 | Research | Long Swordsman (upgrade) |
| 21:24 | Create | Villager (Male) |
| 21:25 | Build | Monastery |
| 21:29 | Create | Villager (Male) |
| 21:32 | Build | House |
| 21:36 | Build | House |
| 21:50 | Research | Wheelbarrow |
| 21:52 | Create | Villager (Male) |
| 21:57 | Build | Town Center |
| 22:02 | Create | Villager (Male) |
| 22:09 | Create | Monk |
| 22:13 | Create | Villager (Male) |
| 22:20 | Create | Villager (Male) |
| 22:22 | Build | House |
| 22:29 | Build | Archery Range |
| 22:30 | Build | Archery Range |
| 22:32 | Create | Cavalry Archer |
| 22:32 | Create | Cavalry Archer |
| 22:34 | Create | Villager (Male) |
| 22:41 | Create | Villager (Male) |
| 22:59 | Create | Villager (Male) |
| 23:07 | Create | Villager (Male) |
Match timeline
| 4:43 | JOHA · first_building Barracks |
| 6:55 | JOHA · wall_segment Palisade Wall x19 |
| 7:10 | JOHA · wall_segment Palisade Wall x4 |
| 7:16 | JOHA · wall_segment Palisade Wall x1 |
| 7:17 | JOHA · wall_segment Palisade Wall x1 |
| 7:17 | JOHA · wall_segment Palisade Wall x1 |
| 7:18 | JOHA · wall_segment Palisade Wall x1 |
| 7:19 | JOHA · wall_segment Palisade Wall x1 |
| 7:19 | JOHA · wall_segment Palisade Wall x1 |
| 7:20 | JOHA · wall_segment Palisade Wall x1 |
| 7:35 | RD | Kiko · first_building Barracks |
| 7:37 | RD | Kiko · wall_segment Palisade Wall x1 |
| 7:39 | JOHA · wall_segment Palisade Wall x8 |
| 8:26 | RD | Kiko · age_up feudal |
| 10:39 | JOHA · wall_segment Palisade Wall x13 |
| 10:42 | RD | Kiko · wall_segment Palisade Wall x5 |
| 10:44 | JOHA · wall_segment Palisade Wall x1 |
| 11:10 | JOHA · age_up feudal |
| 11:11 | RD | Kiko · wall_segment Palisade Wall x5 |
| 11:14 | JOHA · first_building Archery Range |
| 12:53 | RD | Kiko · wall_segment Palisade Wall x1 |
| 13:01 | RD | Kiko · wall_segment Palisade Wall x1 |
| 13:16 | JOHA · wall_segment Palisade Wall x9 |
| 13:56 | RD | Kiko · wall_segment Palisade Wall x1 |
| 14:09 | JOHA · wall_segment Palisade Wall x5 |
| 15:47 | JOHA · first_market_sell 100 stone |
| 15:49 | JOHA · first_market_buy 100 food |
| 17:43 | RD | Kiko · first_market_sell 100 food |
| 19:49 | RD | Kiko · wall_segment Stone Wall x8 |
| 20:25 | RD | Kiko · age_up castle |
| 20:31 | JOHA · age_up castle |
| 20:35 | RD | Kiko · first_building Siege Workshop |
| 20:42 | RD | Kiko · wall_segment Stone Wall x1 |
| 20:43 | RD | Kiko · wall_segment Stone Wall x1 |
| 20:47 | RD | Kiko · wall_segment Stone Wall x1 |
| 20:50 | RD | Kiko · wall_segment Stone Wall x1 |
| 21:25 | JOHA · first_building Monastery |
| 21:25 | RD | Kiko · first_building Castle |
| 24:26 | RD | Kiko · first_market_buy 100 wood |
| 25:26 | RD | Kiko · first_building Monastery |
| 27:44 | JOHA · first_building Siege Workshop |
| 28:21 | JOHA · wall_segment Palisade Wall x1 |
| 28:35 | JOHA · first_building Castle |
| 31:59 | JOHA · first_building Stable |
| 32:21 | RD | Kiko · first_building Archery Range |
| 33:22 | RD | Kiko · age_up imperial |
| 33:26 | JOHA · age_up imperial |
| 43:34 | RD | Kiko · wall_segment Palisade Wall x2 |
| 48:04 | RD | Kiko · first_building Stable |
| 51:24 | RD | Kiko · resign |
[ AI ANALYSIS · 1 CREDIT ]
What really happened in this match?
Wolo.gg analyzes every decision: build order, eco, micro, common mistakes by bracket. Personalized analysis on WhatsApp or Discord in 30 seconds.
Civ guide
Byzantines
Perfil
Kiko